 Dungeon Crawl Stone Soup version 0.30-a0-4-ga7cffc901d (webtiles) character file.

Game seed: 12983399297558894922

798 Setbun the Cutter (level 8, -8/46 HPs)
             Began as a Kobold Enchanter on Aug 20, 2022.
             Killed by divine providence
             ... invoked by an orc priest
              (11 damage)
             ... on level 4 of the Dungeon.
             The game lasted 00:06:03 (5735 turns).

Setbun the Cutter (Kobold Enchanter)                Turns: 5735, Time: 00:06:05

Health: -8/46      AC:  5    Str:  5    XL:     8   Next: 13%
Magic:  8/13       EV: 17    Int: 16    God:
Gold:   144        SH:  0    Dex: 18    Spells: 9/14 levels left

rFire   . . .      SeeInvis .    a - +1 dagger
rCold   + . .      Faith    .    (no shield)
rNeg    . . .      Spirit   .    r - +1 robe of Levity {-Tele rC+ Stlth+}
rPois   .          Reflect  .    x - +1 helmet
rElec   .          Harm     .    (no cloak)
rCorr   .          Rampage  .    (no gloves)
Will    .....      NoTele   +    (no boots)
Stlth   +++++.....               (no amulet)
HPRegen 0.15/turn                (no ring)
MPRegen 0.13/turn                (no ring)

@: lethally poisoned (-8 -> -25), invisible
A: small, no large weapons, nightstalker 3
a: no special abilities


You were on level 4 of the Dungeon.
You visited 1 branch of the dungeon, and saw 4 of its levels.

You collected 144 gold pieces.

Inventory:

Hand Weapons
 a - a +1 dagger (weapon)
Missiles
 g - a throwing net (quivered)
Armour
 b - a +0 robe
 r - the +1 robe of Levity (worn) {-Tele rC+ Stlth+}
   (You found it on level 2 of the Dungeon)

   rC:        It protects you from cold.
   -Tele:     It prevents most forms of teleportation.
   Stlth:     It makes you more stealthy.
 s - a +0 helmet
 t - +0 ice dragon scales
 x - a +1 helmet (worn)
Scrolls
 d - 4 scrolls of identify {unknown}
 f - a scroll of silence {unknown}
 h - a scroll of blinking {unknown}
 m - 4 scrolls of teleportation {unknown}
 n - 2 scrolls of poison {unknown}
 u - 2 scrolls of noise {unknown}
 v - 4 scrolls of amnesia {unknown}
 w - 4 scrolls of butterflies {unknown}
 y - a scroll of fear {unknown}
 z - a scroll of enchant weapon {unknown}
Potions
 c - a potion of invisibility
 e - 3 potions of magic {unknown}
 i - 4 potions of resistance {unknown}
 j - 2 potions of heal wounds {unknown}
 k - a potion of might {unknown}
 l - a potion of attraction {unknown}
 o - 2 potions of brilliance {unknown}
 p - a potion of lignification {unknown}
 q - 4 potions of curing {unknown}


   Skills:
 + Level 3.3 Fighting
 * Level 6.1 Short Blades
 + Level 4.5 Dodging
 + Level 5.9 Stealth
 + Level 3.8 Spellcasting
 + Level 4.2 Hexes


You had 9 spell levels left.
You knew the following spells:

 Your Spells              Type           Power      Damage    Failure   Level
a - Ensorcelled Hibernat  Hex/Ice        18%        N/A       11%         2
b - Confusing Touch       Hex            16%        N/A       9%          3

Your spell library contained the following spells:

 Spells                   Type           Power      Damage    Failure   Level
 Tukima's Dance           Hex            16%        N/A       9%          3
 Magic Dart               Conj           12%        1d3       17%         1
 Dazzling Flash           Conj/Hex       18%        N/A       22%         3
 Call Imp                 Summ           3%         N/A       26%         2
 Searing Ray              Conj           6%         2d4       26%         2
 Gell's Gravitas          Tloc           3%         N/A       45%         3
 Mephitic Cloud           Conj/Pois/Air  3%         N/A       45%         3
 Teleport Other           Tloc           3%         N/A       45%         3
 Fulminant Prism          Conj/Hex       4%         3d6       56%         4
 Dispersal                Tloc           1%         N/A       100%        6
 Borgnjor's Revivificati  Necr           1%         N/A       100%        8
 Necromutation            Tmut/Necr      1%         N/A       100%        8
 Death's Door             Necr           1%         N/A       100%        9


Dungeon Overview and Level Annotations

Branches:
Dungeon (4/15)
 Temple: D:4-7

Altars:
Yredelemnul


Innate Abilities, Weirdness & Mutations

You are small and have problems with some larger weapons.
You are completely attuned to the shadows.


Message History

You spit the orc like a pig!!!
You kill the orc!
Casting: Ensorcelled Hibernation (safe; 11% risk of failure)
Confirm with . or Enter, or press ? or * to list all spells.
Aiming: Ensorcelled Hibernation (safe; 11% risk of failure)
Press: ? - help, Shift-Dir - straight line, f - gnoll
Aim: a gnoll, wielding a +0 club (chance to affect: 51%)
The gnoll looks drowsy...
The orc priest casts a cantrip, but nothing happens.
A scorpion comes into view.
Things that are here:
a +0 flail; an orc corpse The helpless gnoll fails to defend itself.
You spit the gnoll like a pig!!!
You kill the gnoll!
You hit the scorpion but do no damage.
The orc priest calls down the wrath of Beogh upon you.
Beogh smites you! The orc barely misses you.
You closely miss the scorpion. The scorpion stings you.
You are poisoned.
The scorpion poisons you! The orc priest closely misses you.
The orc misses you. The orc attacks as you move away! The orc misses you.
You feel very sick.
Items here: ! $ )) /.
The scorpion attacks as you move away! The scorpion stings you.
* * * LOW HITPOINT WARNING * * *
You are lethally poisoned!
The scorpion poisons you!
* * * LOW HITPOINT WARNING * * *
You feel very sick. The scorpion stings you.
* * * LOW HITPOINT WARNING * * *
You fade into invisibility!
* * * LOW HITPOINT WARNING * * *
You feel very sick. The scorpion completely misses you.
The orc priest calls down the wrath of Beogh upon you.
Beogh smites you!
You die...

. . ....##. ..## #.#.
#...##>. ....
....##...##.#### .##
.#....#.........#.. #
...#.#o)..##..<.... #
.#...s#w.[##o.....)##
....@.o...)o.........
#.##...##.####.....###
#. ##)###.####.....###
#.###.# #.............
#...).###..#####...###
#..<)..##...# ###.#
##.###.###..# #)# #.#
.# #..######.# #.# #
#.......#.#


You could see a scorpion (unable to see you), an orc priest (unable to see you),
a dart slug (unable to see you) and an orc (unable to see you).

Vanquished Creatures
  An ogre (D:4)
  3 necrophages (D:4)
  A scorpion (D:4)
  A human zombie (D:4)
  2 hounds (D:4)
  A jelly (D:4)
  A scorpion zombie (D:4)
  An iguana (D:4)
  2 hound zombies (D:4)
  4 mummies (D:4)
  6 gnolls (D:4)
  6 adders
  An adder zombie (D:4)
  A worm (D:2)
  3 dart slugs
  8 orcs
  8 ball pythons
  5 endoplasms
  5 giant cockroaches
  9 goblins
  2 hobgoblins (D:3)
  10 jackals
  8 kobolds
  3 quokkas
  8 bats
  3 frilled lizards
  7 rats
110 creatures vanquished.

Vanquished Creatures (others)
  A gnoll (D:4)
1 creature vanquished.

Grand Total: 111 creatures vanquished

Notes
Turn   | Place    | Note
-------+----------+-------------------------------------------
     0 | D:1      | Setbun the Kobold Enchanter began the quest for the Orb.
     0 | D:1      | Reached XP level 1. HP: 10/10 MP: 3/3
    97 | D:1      | Reached XP level 2. HP: 15/15 MP: 5/5
   103 | D:1      | Learned a level 2 spell: Ensorcelled Hibernation
   124 | D:1      | Reached skill level 2 in Short Blades
   890 | D:1      | Reached XP level 3. HP: 20/20 MP: 6/6
  1427 | D:1      | Reached skill level 1 in Fighting
  1470 | D:1      | Reached skill level 3 in Short Blades
  1778 | D:1      | Reached XP level 4. HP: 16/25 MP: 0/7
  2227 | D:2      | Found a faded altar of an unknown god.
  2935 | D:2      | Identified the +1 robe of Levity {-Tele rC+ Stlth+}
  2999 | D:2      | Reached XP level 5. HP: 29/29 MP: 8/8
  4557 | D:4      | Reached skill level 4 in Short Blades
  4650 | D:4      | Reached XP level 6. HP: 35/35 MP: 10/10
  4788 | D:4      | Noticed an ogre
  4796 | D:4      | Killed an ogre
  4797 | D:4      | Reached skill level 5 in Stealth
  5058 | D:4      | Reached skill level 5 in Short Blades
  5058 | D:4      | Reached XP level 7. HP: 40/40 MP: 11/11
  5221 | D:4      | Learned a level 3 spell: Confusing Touch
  5255 | D:4      | Found a basalt altar of Yredelemnul.
  5448 | D:4      | Reached skill level 6 in Short Blades
  5448 | D:4      | Reached XP level 8. HP: 46/46 MP: 13/13
  5735 | D:4      | Killed from afar by an orc priest

Illustrated notes

Levels and vault maps discovered:
D:1:      nagdon_arrival_zigzag_paths, layout_basic,
          nicolae_figureground_sparkle
D:2:      layout_basic, chequers_ecumenical_altar_simple
D:3:      kennysheep_six_static_rooms, layout_rooms, serial_co_window_serial,
          co_window_of_opportunity_a, co_window_corner_a, co_window_paths_b,
          co_window_paths_b, co_window_paths_b, co_window_paths_c,
          co_window_cross_4, co_window_2corner, co_window_corner_b,
          co_window_broadway_a, co_window_4corner_b, glass_columns_a
D:4:      layout_loops_ring, lemuel_mausoleum_altar_yredelemnul

Skill      XL: |  1  2  3  4  5  6  7 |
---------------+----------------------+-----
Short Blades   | 2 3 4 5 6 |  6.1
Fighting       | 1 2 3 |  3.3
Dodging        | 3 4 |  4.5
Stealth        | 5 |  5.9
Spellcasting   | 3 |  3.8
Hexes          | 4 |  4.2

Action                   |  1- 3 |  4- 6 |  7- 9 || total
-------------------------+-------+-------+-------++-------
Melee: Dagger            |   105 |   143 |    82 ||   330
       Punch             |     1 |     1 |       ||     2
 Cast: Ensorcelled Hiber |     6 |    15 |     6 ||    27
  Use: Potion            |       |       |     1 ||     1
 Stab: Sleeping          |    22 |    31 |    20 ||    73
Armor: Robe              |    19 |    21 |    10 ||    50
Dodge: Dodged            |    75 |   112 |    37 ||   224

Table legend: (Time is in decaauts)
 A = Elapsed time spent in this place.
 B = Non-inter-level travel time spent in this place.
 C = Inter-level travel time spent in this place.
 D = Time resting spent in this place.
 E = Time spent auto-exploring this place.
 F = Levels seen in this place.
 G = Mean time per level.
                   A        B        C        D        E       F      G
               +--------+--------+--------+--------+--------+-----+--------+
         Total |   5679 |   5335 |    344 |    956 |   3609 |   4 | 1419.8 |
       Dungeon |   5679 |   5335 |    344 |    956 |   3609 |   4 | 1419.8 |
               +--------+--------+--------+--------+--------+-----+--------+

Top non-repeatable levels by time:
     D:1: 1958 daAuts
     D:2: 1364 daAuts
     D:3: 1286 daAuts
     D:4: 1068 daAuts
